 Dungeon Crawl Stone Soup version 0.18.1-48-g4cf74bf (webtiles) character file.

11091 sarahorange the Destroyer (level 11, -2/84 HPs)
             Began as a Grey Draconian Conjurer on June 24, 2016.
             Was a Priest of Vehumet.
             Slain by a wyvern (15 damage)
             ... on level 11 of the Dungeon.
             The game lasted 02:21:47 (12735 turns).

sarahorange the Destroyer (DrCj)                   Turns: 12735, Time: 02:21:48

Health: -2/84      AC: 16    Str:  7    XL:     11   Next: 44%
Magic:  19/32      EV: 10    Int: 19    God:    Vehumet [***...]
Gold:   550        SH:  0    Dex: 10    Spells: 9 memorised, 3 levels left

rFire  . . .     SeeInvis .     G - +8 quarterstaff of Qazlal's Wrath {crush, rElec MP+9 Str-3 Dex-2}
rCold  + . .     Gourm    .     (armour unavailable)
rNeg   . . .     Faith    .     (shield currently unavailable)
rPois  .         Spirit   .     (helmet restricted)
rElec  +         Dismiss  .     A - +2 cloak
rCorr  .         Reflect  .     n - +0 pair of gloves
SustAt .         Harm     .     (no boots)
MR     .....                    r - amulet of magic regeneration
Stlth  ++........               y - ring of protection from fire
                                w - ring of ice

@: very slightly contaminated, not resistant to hostile enchantments, unstealthy
A: walk through water, unfitting armour, unbreathing, cold-blooded, AC +12
a: Renounce Religion


You were on level 11 of the Dungeon.
You worshipped Vehumet.
Vehumet was most pleased with you.
You were not hungry.

You visited 2 branches of the dungeon, and saw 12 of its levels.
You also visited: Bailey.

You collected 550 gold pieces.

Inventory:

Hand Weapons
 e - a +1 short sword
 C - a +0 mace
 G - the +8 quarterstaff of Qazlal's Wrath (weapon) {crush, rElec MP+9 Str-3 Dex-2}
   (You found it on level 4 of the Dungeon)

   It inflicts extra damage upon your enemies.
   It affects your strength (-3).
   It affects your dexterity (-2).
   It insulates you from electricity.
   It affects your magic capacity (+9).
 J - a +2 whip of electrocution
 Q - a +0 vampiric rapier
Missiles
 d - 138 stones
 q - 7 javelins
 v - 21 tomahawks (quivered)
 N - a throwing net
Armour
 n - a +0 pair of gloves (worn)
 o - a +1 cloak
 z - a +0 fire dragon armour
 A - a +2 cloak (worn)
Magical Staves
 f - an uncursed staff of power
Rods
 O - a +0 rod of shadows (14/14)
   (You found it on level 7 of the Dungeon)
Jewellery
 r - an amulet of magic regeneration (around neck)
 w - a ring of ice (left hand)
 y - a ring of protection from fire (right hand)
 R - an uncursed ring of protection from fire
 W - a +4 ring of strength
Wands
 u - a wand of iceblast (6/15)
 I - a wand of lightning (2/15)
 T - a wand of polymorph (10/24)
Scrolls
 i - a scroll of random uselessness
 j - 5 scrolls of remove curse
 E - 3 scrolls of identify
 H - a scroll of enchant weapon
 U - a scroll of amnesia {unknown}
 X - a scroll of enchant armour
 Y - a scroll of magic mapping {unknown}
 Z - a scroll of noise {unknown}
Potions
 c - a potion of magic {unknown}
 g - 2 potions of beneficial mutation {unknown}
 h - 2 potions of brilliance
 k - a potion of resistance {unknown}
 l - a potion of flight
 s - 2 potions of agility
 t - a potion of degeneration {unknown}
 D - a potion of invisibility {unknown}
 F - 3 potions of curing
 L - a potion of cure mutation {unknown}
 P - a potion of cancellation {unknown}
Books
 a - a book of Conjurations

   Spells                             Type                      Level
   a - Magic Dart                     Conjuration                  1
   b - Searing Ray                    Conjuration                  2
   c - Dazzling Spray                 Conjuration/Hexes            3
   d - Fulminant Prism                Conjuration/Hexes            4
   e - Iskenderun's Mystic Blast      Conjuration                  4
   f - Iskenderun's Battlesphere      Conjuration/Charms           5
 x - a book of Frost

   Spells                             Type                      Level
   a - Freeze                         Ice                          1
   b - Throw Frost                    Conjuration/Ice              2
   c - Ozocubu's Armour               Charms/Ice                   3
   d - Throw Icicle                   Conjuration/Ice              4
   e - Summon Ice Beast               Ice/Summoning                4
 K - the Collected Works on Congealing Dark Rituals
   (You found it on level 9 of the Dungeon)

   Spells                             Type                      Level
   a - Throw Frost                    Conjuration/Ice              2
   b - Ozocubu's Armour               Charms/Ice                   3
   c - Animate Dead                   Necromancy                   4
   d - Dispel Undead                  Necromancy                   5
   e - Freezing Cloud                 Conjuration/Ice/Air          6
 V - a book of Changes

   Spells                             Type                      Level
   a - Beastly Appendage              Transmutation                1
   b - Sticks to Snakes               Transmutation                2
   c - Spider Form                    Transmutation/Poison         3
   d - Ice Form                       Ice/Transmutation            4
   e - Blade Hands                    Transmutation                5
Miscellaneous
 B - a box of beasts {used: 2}
Comestibles
 b - a bread ration
 p - 7 meat rations


   Skills:
 + Level 4.0 Fighting
 + Level 0.4 Short Blades
 + Level 1.5 Staves
 + Level 0.1 Throwing
 + Level 7.6 Dodging
 + Level 4.3 Stealth
 + Level 8.3 Spellcasting
 + Level 11.7 Conjurations
 + Level 3.0 Hexes
 - Level 3.2 Ice Magic
 + Level 0.8 Earth Magic
 + Level 2.1 Evocations


You had 3 spell levels left.
You knew the following spells:

 Your Spells              Type           Power        Failure   Level  Hunger
a - Magic Dart            Conj           ####         1%          1    None
b - Searing Ray           Conj           ######       1%          2    None
c - Dazzling Spray        Conj/Hex       #####.       1%          3    None
d - Throw Frost           Conj/Ice       ######       1%          2    None
e - Iskenderun's Mystic   Conj           ######..     1%          4    ###....
f - Iskenderun's Battles  Conj/Chrm      ####....     8%          5    #####..
g - Flame Tongue          Conj/Fire      ###..        1%          1    None
h - Throw Flame           Conj/Fire      ###...       1%          2    None
i - Stone Arrow           Conj/Erth      ####..       1%          3    None


Dungeon Overview and Level Annotations

Branches:
Dungeon (11/15)            Temple (1/1) D:7            Lair (0/8) D:8
    Orc (0/2) D:10

Altars:
Ashenzari
Cheibriados
Dithmenos
Elyvilon
Fedhas
Gozag
Kikubaaqudgha
Makhleb
Nemelex Xobeh
Okawaru
Pakellas
Qazlal
Ru
Sif Muna
Trog
Vehumet
Xom
Yredelemnul
Zin
The Shining One


Innate Abilities, Weirdness & Mutations

You can walk through water.
Your dull iron-grey scales are very hard (AC +12).
Your body does not fit into most forms of armour.
You can survive without breathing.
You are cold-blooded and may be slowed by cold attacks.


Message History

As you read the scroll of teleportation, it crumbles to dust.
You feel strangely unstable.
A killer bee comes into view.
Your surroundings suddenly seem different.
A wyvern comes into view.
The wyvern hisses menacingly.
The wyvern bites you.
* * * LOW HITPOINT WARNING * * *
Found a runed demon whip.
Found a stone staircase leading up.
A giant frog and a wyvern come into view.
A giant frog zombie comes into view.
The giant frog zombie moves out of view.
The wyvern bites you.
* * * LOW HITPOINT WARNING * * *
The wyvern barely misses you. The wyvern closely misses you.
There is a stone staircase leading up here.
The giant frog zombie barely misses you.
The wyvern bites you!
You die...

Y.# u.#
#........ ..#
#........ ..#
#........ ..#
#....... ..#
#.....# ..#
#....# ..#
#Z...# ..#
#@...# #l...#
#....##
#....F####.
#.........F.
..............).
################


You could see a wyvern, a giant frog (wandering) and a giant frog zombie.

Vanquished Creatures
  Urug (D:10)
  An unseen horror (D:11)
  A hill giant (D:10)
  2 ugly things (D:11)
  A manticore (D:11)
  2 two-headed ogres
  A troll (D:10)
  A shadow (D:11)
  6 yaks
  2 hungry ghosts
  3 hippogriffs
  Edmund (D:4)
  A soldier ant (D:10)
  A water moccasin (D:7)
  6 orc warriors
  4 black bears
  3 sky beasts
  An eye of draining (D:10)
  A phantom (D:8)
  A wasp (D:10)
  6 ogres
  8 centaurs
  A crocodile (D:10)
  A gnoll sergeant (D:5)
  7 giant frogs
  A wyvern skeleton (D:9)
  A scorpion (D:8)
  15 killer bees
  6 wights
  2 jellies
  4 crimson imps
  3 hounds
  10 orc priests
  A centaur skeleton (D:4)
  16 orc wizards
  Crazy Yiuf (D:4)
  Jessica (D:2)
  A giant frog skeleton (D:7)
  Ijyb (D:2)
  Terence (D:2)
  4 iguanas
  9 worker ants
  A killer bee zombie (D:11)
  A hound zombie (D:5)
  Robin (D:4)
  2 worker ant zombies
  10 gnolls
  13 adders
  3 oozes
  An adder zombie (D:8)
  6 worms
  A dart slug (D:4)
  59 orcs
  9 giant cockroaches
  15 goblins
  8 hobgoblins
  2 jackals
  12 quokkas
  7 bats
  4 giant gecko skeletons
  A giant gecko zombie (D:8)
  6 giant newts
  A jackal zombie (D:3)
  4 kobolds
  5 rats
312 creatures vanquished.

Notes
Turn   | Place    | Note
--------------------------------------------------------------
     0 | D:1      | sarahorange the Draconian Conjurer began the quest for the Orb.
     0 | D:1      | Reached XP level 1. HP: 14/14 MP: 3/3
   570 | D:1      | Reached XP level 2. HP: 15/20 MP: 0/5
   621 | D:1      | Learned a level 2 spell: Searing Ray
  1049 | D:2      | Reached XP level 3. HP: 18/26 MP: 4/6
  1164 | D:2      | Noticed Ijyb
  1182 | D:2      | Killed Ijyb
  1282 | D:2      | Noticed Jessica
  1284 | D:2      | Killed Jessica
  1284 | D:2      | Reached XP level 4. HP: 34/34 MP: 4/7
  1482 | D:2      | Noticed Terence
  1522 | D:2      | Killed Terence
  1623 | D:2      | Reached skill level 5 in Conjurations
  1697 | D:2      | Reached XP level 5. HP: 39/39 MP: 2/8
  1808 | D:2      | Learned a level 3 spell: Dazzling Spray
  3263 | D:4      | Noticed Edmund
  3428 | D:4      | Noticed an ogre
  3439 | D:4      | Killed an ogre
  3439 | D:4      | Reached XP level 6. HP: 46/46 MP: 10/10
  3459 | D:4      | Noticed Robin
  3462 | D:4      | Noticed Crazy Yiuf
  3465 | D:4      | Killed Crazy Yiuf
  3619 | D:4      | Reached skill level 1 in Fighting
  3623 | D:4      | Killed Robin
  3715 | D:4      | Got a smoking quarterstaff
  3716 | D:4      | Identified the +8 quarterstaff of Qazlal's Wrath {crush, rElec MP+9 Str-3 Dex-2} (You found it on level 4 of the Dungeon)
  3870 | D:4      | Reached skill level 6 in Conjurations
  3870 | D:4      | Your scales start taking on a dull iron-grey colour.
  3870 | D:4      | Reached XP level 7. HP: 39/52 MP: 12/12
  3870 | D:4      | Gained mutation: You can survive without breathing. [Grey Draconian growth]
  4088 | D:4      | Learned a level 2 spell: Throw Frost
  4309 | D:4      | Killed Edmund
  4573 | D:5      | Entered Level 5 of the Dungeon
  4640 | D:5      | Reached skill level 7 in Conjurations
  4726 | D:5      | Reached XP level 8. HP: 60/60 MP: 11/14
  4828 | D:5      | Reached skill level 1 in Hexes
  4959 | D:5      | Found a white marble altar of Elyvilon.
  5451 | D:6      | Reached skill level 1 in Ice Magic
  5457 | D:6      | Learned a level 4 spell: Iskenderun's Mystic Blast
  5584 | D:6      | Reached skill level 8 in Conjurations
  5588 | D:6      | Reached skill level 5 in Spellcasting
  5745 | D:6      | Reached skill level 1 in Staves
  5748 | D:6      | Reached skill level 1 in Evocations
  6209 | D:6      | Reached XP level 9. HP: 67/67 MP: 17/17
  6339 | D:7      | Found a staircase to the Ecumenical Temple.
  6371 | Temple   | Entered the Ecumenical Temple
  6466 | Temple   | Became a worshipper of Vehumet
  6824 | D:7      | Found an iron altar of Okawaru.
  7032 | D:7      | Reached skill level 5 in Dodging
  7032 | D:7      | Reached skill level 9 in Conjurations
  7270 | D:7      | Found an opulent altar of Gozag.
  7270 | D:7      | Found a sparkling altar of Nemelex Xobeh.
  7504 | D:7      | Found an ancient bone altar of Kikubaaqudgha.
  7508 | D:7      | Found a snail-covered altar of Cheibriados.
  7513 | D:7      | Found a deep blue altar of Sif Muna.
  7733 | D:8      | Found a staircase to the Lair.
  7749 | D:8      | Learned a level 5 spell: Iskenderun's Battlesphere
  7749 | D:8      | Identified a +0 rod of shadows (14/14) (You found it on level 7 of the Dungeon)
  7898 | D:8      | Reached * piety under Vehumet
  7898 | D:8      | Offered knowledge of Shock by Vehumet.
  7898 | D:8      | Reached XP level 10. HP: 65/77 MP: 13/19
  8423 | D:8      | Reached skill level 10 in Conjurations
  8461 | D:8      | Found a flagged portal.
  8471 | Bailey   | Entered a bailey
  8471 | Bailey   | Noticed Krapule's ghost (novice HaFi)
  9335 | D:9      | Reached ** piety under Vehumet
  9335 | D:9      | Offered knowledge of Flame Tongue by Vehumet.
  9383 | D:9      | Learned a level 1 spell: Flame Tongue
  9459 | D:9      | Found a bloodstained altar of Trog.
  9490 | D:9      | Identified the Collected Works on Congealing Dark Rituals
 10731 | D:10     | Entered Level 10 of the Dungeon
 10784 | D:10     | Offered knowledge of Throw Flame by Vehumet.
 10848 | D:10     | Learned a level 2 spell: Throw Flame
 11023 | D:10     | Found a staircase to the Orcish Mines.
 11033 | D:10     | Reached *** piety under Vehumet
 11092 | D:10     | Identified a scroll of acquirement
 11161 | D:10     | Noticed Urug
 11194 | D:10     | Killed Urug
 11194 | D:10     | Reached skill level 11 in Conjurations
 11542 | D:10     | Reached XP level 11. HP: 83/83 MP: 22/22
 11725 | D:10     | Offered knowledge of Stone Arrow by Vehumet.
 11730 | D:10     | Learned a level 3 spell: Stone Arrow
 11771 | D:10     | Noticed a hill giant
 11780 | D:10     | Killed a hill giant
 12179 | D:11     | Noticed a cyan ugly thing
 12195 | D:11     | Killed an unseen horror
 12199 | D:11     | Killed a cyan ugly thing
 12688 | D:11     | Noticed a red ugly thing
 12697 | D:11     | Noticed a cyan ugly thing
 12698 | D:11     | Killed a red ugly thing
 12735 | D:11     | Slain by a wyvern

Skill      XL: |  1  2  3  4  5  6  7  8  9 10 11 |
---------------+----------------------------------+-----
Stealth        | 2 3 4 |  4.3
Dodging        | 2 3 4 5 7 |  7.6
Conjurations   | 5 6 7 8 9 11 | 11.7
Spellcasting   | 3 4 5 6 7 8 |  8.3
Fighting       | 1 2 3 4 |  4.0
Hexes          | 1 2 3 |  3.0
Ice Magic      | 1 2 3 |  3.2
Staves         | 1 |  1.5
Evocations     | 1 2 |  2.1
Short Blades   | |  0.4
Throwing       | |  0.1
Earth Magic    | |  0.8

Action                   |  1- 3 |  4- 6 |  7- 9 | 10-12 || total
-------------------------+-------+-------+-------+-------++-------
Melee: Short sword       |    29 |    37 |       |       ||    66
       Unarmed           |     5 |       |       |       ||     5
       Tailslap          |     1 |     1 |       |       ||     2
       Staff             |       |     1 |       |       ||     1
       Quarterstaff      |       |       |    24 |    36 ||    60
Throw: Stone             |       |     2 |       |       ||     2
       Tomahawk          |       |       |       |     2 ||     2
 Cast: Magic Dart        |    28 |    79 |    42 |    65 ||   214
       Searing Ray       |     4 |    31 |    54 |    67 ||   156
       Dazzling Spray    |       |     7 |    19 |    30 ||    56
       Throw Frost       |       |       |    39 |    18 ||    57
       Iskenderun's Myst |       |       |     7 |    28 ||    35
       Iskenderun's Batt |       |       |       |     6 ||     6
       Stone Arrow       |       |       |       |     5 ||     5
       Throw Flame       |       |       |       |     3 ||     3
Evoke: Wand              |       |       |     6 |     5 ||    11
       Box of beasts     |       |       |       |     2 ||     2
  Use: Scroll            |       |     9 |     4 |     7 ||    20
       Potion            |       |     1 |     4 |    10 ||    15
 Stab: Sleeping          |     1 |       |       |       ||     1
  Eat: Chunk             |     1 |     3 |     7 |    13 ||    24
       Meat ration       |     1 |       |       |       ||     1
       Beef jerky        |       |     1 |       |       ||     1
       Bread ration      |       |     1 |     1 |     2 ||     4
       Pizza             |       |       |     1 |       ||     1
Armor: Skin              |    13 |    19 |    45 |   156 ||   233
Dodge: Dodged            |    24 |    40 |    67 |   137 ||   268
